 Dungeon Crawl Stone Soup version 0.28.0-53-g5a82cb258f (webtiles) character file.

Game seed: 14810384423294450918

436 H0rd4k the Charlatan (level 7, -1/52 HPs)
             Began as a Human Artificer on July 12, 2022.
             Slain by an ice beast (11 damage)
             ... on level 5 of the Dungeon.
             The game lasted 00:03:52 (6203 turns).

H0rd4k the Charlatan (Human Artificer)              Turns: 6203, Time: 00:03:52

Health: -1/52      AC:  3    Str: 13    XL:     7   Next: 21%
Magic:  9/9        EV: 13    Int: 13    God:
Gold:   177        SH:  0    Dex: 19    Spells: 9/9 levels left

rFire   . . .      SeeInvis .   s - +3 dagger (venom)
rCold   . . .      Faith    .   (no shield)
rNeg    . . .      Spirit   .   b - +0 leather armour
rPois   .          Reflect  .   (no helmet)
rElec   .          Harm     .   (no cloak)
rCorr   .          Rampage  .   (no gloves)
Will    .....                   (no boots)
Stlth   ++........              (no amulet)
HPRegen 0.17/turn               q - +6 ring of dexterity
MPRegen 0.11/turn               p - +4 ring of slaying

@: no status effects
A: no striking features
a: no special abilities


You were on level 5 of the Dungeon.
You visited 1 branch of the dungeon, and saw 5 of its levels.

You collected 177 gold pieces.

Inventory:

Hand Weapons
 i - a +0 mace
 s - a +3 dagger of venom (weapon)
Missiles
 m - a throwing net
Armour
 b - a +0 leather armour (worn)
Jewellery
 p - a +4 ring of slaying (right hand)
 q - a +6 ring of dexterity (left hand)
Wands
 c - a wand of flame (2) (quivered)
 d - a wand of charming (15)
Scrolls
 a - a scroll of holy word {unknown}
 g - 3 scrolls of immolation {unknown}
 h - 4 scrolls of identify {unknown}
 j - 2 scrolls of teleportation {unknown}
 l - 2 scrolls of noise {unknown}
 o - a scroll of blinking {unknown}
 v - a scroll of summoning {unknown}
Potions
 f - a potion of degeneration {unknown}
 k - a potion of ambrosia {unknown}
 n - a potion of magic {unknown}
 r - a potion of brilliance {unknown}
 t - 2 potions of curing {unknown}
 u - a potion of resistance {unknown}
Miscellaneous
 e - a piece from Xom's chessboard (15/15)


   Skills:
 + Level 3.4 Fighting
 + Level 1.8 Short Blades
 - Level 2.7 Maces & Flails
 - Level 2.0 Armour
 + Level 2.9 Dodging
 - Level 1.0 Stealth
 * Level 1.8 Spellcasting
 + Level 4.2 Evocations


You had 9 spell levels left.
You didn't know any spells.
Your spell library contained the following spells:

 Spells                   Type           Power      Damage    Failure   Level
 Sting                    Tmut/Pois      4%         1d3       32%         1
 Summon Small Mammal      Summ           4%         N/A       32%         1
 Poisonous Vapours        Pois/Air       2%         N/A       45%         2
 Call Canine Familiar     Summ           1%         N/A       69%         3
 Ignite Poison            Fire/Tmut/Pois 1%         N/A       69%         3
 Mephitic Cloud           Conj/Pois/Air  1%         N/A       69%         3
 Ozocubu's Armour         Ice            1%         N/A       69%         3
 Summon Guardian Golem    Hex/Summ       1%         N/A       69%         3
 Olgreb's Toxic Radiance  Pois           1%         N/A       97%         4
 Freezing Cloud           Conj/Ice/Air   0%         6-21      100%        5
 Ozocubu's Refrigeration  Ice            0%         4d5       100%        7


Dungeon Overview and Level Annotations

Branches:
Dungeon (5/15)
 Temple: D:4-7

Altars:
Hepliaklqana

Shops:
D:2 ?

Annotations:
D:4 3 runed translucent doors, exclusion: 3 doors, Marlhin's ghost, amateur MiFi; duchin's ghost, amateur DEVM


Message History

The hound bites you.
You puncture the hound!
The hound looks as sick as possible!
The hound is almost dead.
You kill the hound!
You hit the ice beast.
The ice beast is lightly wounded.
You closely miss the ice beast.
The ice beast is lightly wounded.
The ice beast closely misses you.
An ice beast is nearby!
You barely miss the ice beast.
The ice beast is lightly wounded.
The ice beast hits you. The ice beast freezes you!
You hit the ice beast.
The ice beast is moderately wounded.
The ice beast hits you. The ice beast freezes you!
You barely miss the ice beast.
The ice beast is moderately wounded.
The ice beast closely misses you.
You completely miss the ice beast.
The ice beast is moderately wounded.
The ice beast closely misses you.
You hit the ice beast but do no damage.
The ice beast is moderately wounded.
The ice beast closely misses you.
You puncture the ice beast!
The ice beast is heavily wounded.
A hound skeleton comes into view.
The ice beast hits you. The ice beast freezes you!
* * * LOW HITPOINT WARNING * * *
The hound skeleton moves out of view.
Aiming: Throw Flame
Press: ? - help, Shift-Dir - straight line, f - ice beast
Aim: an ice beast (heavily wounded, 71% to hit)
The puff of flame hits the ice beast!
The ice beast melts!
The ice beast is almost dead.
The ice beast hits you.
* * * LOW HITPOINT WARNING * * *
The ice beast freezes you!
You die...

...........##......
..........##.....##
......#...##......####
......#..............#
...........#.....##..#
...........#......!.###
......#................
.....##............##...
.##..##.........@†......
..#...#........Y.....##.
...................#.#
###....................
####.##.........##..##..
..##. #.......... ...
..... ......#.. ....
##... .....#. .....
..#..


You could see an ice beast.

Vanquished Creatures
  A black bear (D:4)
  A scorpion (D:4)
  A bullfrog zombie (D:5)
  3 hounds
  A gnoll shaman (D:4)
  3 gnolls (D:3)
  3 adders
  3 dart slugs
  4 orcs
  5 endoplasms
  6 giant cockroaches
  5 goblins
  6 hobgoblins
  4 jackals (D:4)
  4 kobolds
  3 quokkas
  5 ball pythons
  4 bats
  6 frilled lizards
  A jackal skeleton (D:3)
  6 rats
  A spectral goblin (D:4)
76 creatures vanquished.

Notes
Turn   | Place    | Note
-------+----------+-------------------------------------------
     0 | D:1      | H0rd4k the Human Artificer began the quest for the Orb.
     0 | D:1      | Reached XP level 1. HP: 15/15 MP: 1/1
   455 | D:1      | Reached XP level 2. HP: 7/21 MP: 2/2
   853 | D:1      | Found a faded altar of an unknown god.
  1270 | D:1      | Reached XP level 3. HP: 15/26 MP: 3/3
  1797 | D:2      | Reached skill level 1 in Maces & Flails
  1797 | D:2      | Reached XP level 4. HP: 12/33 MP: 4/4
  2060 | D:2      | Reached skill level 4 in Evocations
  2370 | D:2      | Found Pollyir's Magic Scroll Boutique.
  3263 | D:3      | Reached XP level 5. HP: 6/38 MP: 5/5
  5176 | D:4      | Found a runed translucent gate.
  5181 | D:4      | Found a runed translucent gate.
  5181 | D:4      | Found a runed translucent gate.
  5196 | D:4      | Noticed duchin's ghost (amateur DEVM)
  5197 | D:4      | Noticed Marlhin's ghost (amateur MiFi)
  5319 | D:4      | Found a hazy altar of Hepliaklqana.
  5355 | D:4      | Reached skill level 1 in Spellcasting
  5355 | D:4      | Reached XP level 6. HP: 40/46 MP: 5/7
  5498 | D:5      | Entered Level 5 of the Dungeon
  5517 | D:5      | Reached skill level 1 in Short Blades
  5612 | D:5      | Noticed a black bear
  5679 | D:4      | Killed a black bear
  5968 | D:5      | Reached XP level 7. HP: 44/52 MP: 9/9
  6203 | D:5      | Slain by an ice beast

Illustrated notes

Levels and vault maps discovered:
D:1:      matt_arrival_spirals, layout_basic,
          ebering_ecumenical_altar_sacrificial
D:2:      layout_loops_ring, serial_shops,
          nicolae_shop_competitors_out_of_business
D:3:      layout_basic
D:4:      layout_loops_ring, nicolae_hepliaklqana_monster_ancestors,
          gammafunk_ghost_cemetery, st_stairs_3
D:5:      layout_cave_pools, uniq_ijyb

Skill      XL: |  1  2  3  4  5  6 |
---------------+-------------------+-----
Maces & Flails | 1 2 |  2.7
Evocations     | 4 |  4.2
Fighting       | 2 3 |  3.4
Dodging        | 2 |  2.9
Spellcasting   | 1 |  1.8
Short Blades   | 1 |  1.8
Armour         | |  2.0
Stealth        | |  1.0

Action                   |  1- 3 |  4- 6 |  7- 9 || total
-------------------------+-------+-------+-------++-------
Melee: Club              |   109 |       |       ||   109
       Punch             |     2 |     1 |       ||     3
       Mace              |    12 |    77 |       ||    89
       Dagger            |       |   102 |    20 ||   122
Evoke: Wand              |     8 |     4 |     1 ||    13
 Stab: Sleeping          |     1 |     3 |       ||     4
Armor: Leather armour    |    42 |    37 |     1 ||    80
Dodge: Dodged            |    96 |   119 |    10 ||   225
